AoeStats
← Hidalgo

Oasis

510098540Analyzed
3v3 RM · 2d ago on Sep 29, 2026· 13m 22s· 6 players
Game mode
Random Map
Map size
Normal (6 player)
Population
200
Speed
Normal
Resources
Standard
Victory
Conquest
Starting age
Dark Age
Ending age
Imperial Age
RankedLock teamsTeams togetherTeam positionsShared explorationLock speedFull tech treeHidden civsTurbo modeCheats
Victory
Defeat
🇹🇼 Goths · Taiwan
1016
+12
🇹🇼 Magyars · Taiwan
1000
+13
🇹🇼 Byzantines · Taiwan
917
+16
🇹🇷 Franks · Türkiye
943
-14
🇦🇷 Goths · Argentina
933
-14
913
-13
Hidalgo
12:36 Feudal Age
LeandroPaul79
0:35 Loom
11:22 Feudal Age
12:06 Double-Bit Axe
12:03 Horse Collar
漂亮国五星上将艾森豪威尔下士
12:29 Feudal Age
12:44 Loom
s99316
10:13 Feudal Age
10:26 Man-at-Arms
12:17 Horse Collar
jason1230
13:51 Feudal Age
鼓山車銀優
7:08 Loom
10:10 Feudal Age
10:59 Double-Bit Axe
Connection lost

Rejoining the realm…

Still unreachable

The connection could not be restored.

Session expired

The server has moved on; the page needs a fresh start.